Map: Ulrena

Players

alain

  • Race: Zerg Zerg
  • League: Platinum

Hindulaatti - Winner!

  • Race: Terran Terran
  • League: Gold

VOD

Have the link to the VOD?

Description

Time

  • Played on: Dec. 19, 2015, 4:45 p.m.
  • Length: 11:27
Show
View Real Time Build Order
Export as new Build Order

alain Zerg 

Build Orders: Pool First, Ravager All-In 

Get SALT Encoding   

  12  0:01  Drone  
  13  0:10  Drone  
  14  0:26  Spawning Pool  
  13  0:30  Extractor  
  13  0:32  Drone  
  13  0:38  Drone  
  14  0:46  Overlord  
  14  1:13  Zergling x6  
  14  1:18  Roach Warren  
  16  1:27  Queen  
  18  1:33  Drone  
  19  1:40  Drone  
  19  1:46  Drone  
  21  1:57  Overlord  
  21  2:05  Pneumatized Carapace  
  20  2:15  Roach  
  22  2:21  Roach  
  24  2:23  Extractor  
  23  2:37  Roach  
  25  2:56  Roach x3  
  25  2:58  Overlord  
  29  3:13  Drone  
  29  3:19  Ravager x2  
  32  3:29  Roach  
  32  3:30  Roach  
  33  3:56  Ravager x2  
  33  3:58  Roach  
  33  4:00  Overlord x2  
  37  4:04  Drone  
  35  4:22  Ravager x2  
  35  4:23  Zergling x2  
  35  4:24  Zergling x6  
  39  4:57  Roach x4  
  38  5:03  Roach  
  36  5:11  Drone x2  
  38  5:25  Drone  
  39  5:43  Drone x3  
  39  5:49  Ravager x2  
  45  5:50  Ravager x2  
  46  6:16  Hatchery  
  45  6:37  Hatchery  
  44  6:42  Lair  
  44  6:43  Metabolic Boost  
  44  6:45  Overlord  
  44  7:01  Zergling x4  
  46  7:26  Zergling x12  
  52  7:30  Queen  
  52  7:35  Drone x2  
  56  7:47  Infestation Pit  
  56  7:49  Overlord  
  55  7:52  Overlord  
  55  7:58  Drone  
  56  8:11  Evolution Chamber  
  55  8:13  Drone x3  
  58  8:23  Baneling Nest  
  57  8:57  Hive  
  57  9:00  Zergling x4  
  57  9:01  Zergling x6  
  62  9:05  Drone x2  
  62  9:06  Drone x2, Hydralisk Den  
  65  9:15  Zerg Ground Armor Level 1  
  64  9:35  Glial Reconstitution  
  64  9:36  Drone x2  
  64  9:37  Drone x2  
  68  9:39  Extractor  
  68  9:40  Overlord  
  67  10:20  Hydralisk, Ultralisk Cavern  
  67  10:21  Hydralisk x5  
  68  10:23  Drone  
  68  10:26  Drone  
  80  10:43  Overlord  
  80  10:44  Overlord x2  
  80  10:58  Baneling  
  80  11:01  Baneling x9  
  80  11:02  Baneling x2  
Show
View Real Time Build Order
Export as new Build Order

Hindulaatti Terran - Winner!

Build Orders: Liberator Opening, Reaper Expand 

Get SALT Encoding   

  12  0:01  SCV  
  13  0:13  SCV  
  14  0:17  Supply Depot  
  14  0:25  SCV  
  15  0:39  SCV  
  15  0:40  Barracks  
  16  0:49  Refinery  
  16  0:51  SCV  
  17  1:04  SCV  
  18  1:17  SCV  
  19  1:32  Command Center, Reaper  
  20  1:40  Orbital Command  
  20  1:57  Supply Depot  
  20  2:06  Reaper  
  19  2:15  SCV  
  19  2:20  Command Center  
  20  2:27  SCV  
  20  2:29  Factory  
  21  2:38  Marine  
  21  2:40  SCV  
  23  2:58  Marine, SCV  
  25  3:10  SCV  
  26  3:13  Widow Mine  
  26  3:16  Refinery  
  26  3:18  Starport, Marine  
  29  3:22  SCV  
  30  3:36  Orbital Command, Marine  
  31  3:41  Supply Depot  
  31  3:44  Liberator  
  31  3:54  Marine  
  32  3:57  Factory Tech Lab  
  33  4:04  SCV  
  34  4:23  Siege Tank  
  35  4:24  Marine  
  36  4:32  Orbital Command  
  36  4:36  Supply Depot  
  36  4:39  Liberator  
  36  4:44  Marine  
  33  5:00  SCV  
  33  5:02  Marine  
  31  5:14  Siege Tank  
  31  5:15  Supply Depot  
  31  5:16  Supply Depot  
  31  5:19  SCV  
  31  5:21  Barracks  
  35  5:22  SCV  
  35  5:31  SCV  
  36  5:36  Liberator  
  35  5:55  SCV x2  
  40  6:07  SCV x2  
  40  6:09  Barracks Reactor  
  40  6:10  Command Center, Barracks  
  42  6:15  Barracks Tech Lab  
  42  6:21  Siege Tank  
  45  6:26  SCV x2  
  45  6:28  Refinery  
  45  6:29  Refinery  
  45  6:32  Engineering Bay  
  47  6:35  Marine  
  45  6:47  Medivac  
  47  6:54  SCV x2  
  47  6:55  Marine x2  
  47  6:56  Marine  
  47  7:00  Siege Tank  
  55  7:01  Bunker  
  55  7:04  Bunker  
  55  7:06  SCV x2  
  57  7:12  Terran Infantry Weapons Level 1  
  57  7:16  Marine x2  
  57  7:17  Marine  
  57  7:18  SCV  
  57  7:19  SCV  
  62  7:27  Medivac  
  64  7:34  Refinery x2  
  64  7:48  SCV  
  65  7:52  SCV  
  65  7:56  Orbital Command  
  66  8:00  SCV  
  66  8:03  Marine  
  66  8:04  Marine, SCV  
  66  8:05  Barracks Reactor  
  70  8:06  Marauder  
  70  8:07  Siege Tank  
  70  8:09  Medivac  
  77  8:20  Supply Depot  
  77  8:21  Supply Depot  
  77  8:22  Supply Depot  
  77  8:40  Starport Reactor  
  77  8:41  Marine x3, SCV x3  
  77  8:42  Marine  
  77  8:43  Marine  
  77  8:46  Siege Tank  
  88  8:51  Armory  
  88  8:53  Supply Depot, SCV x3  
  88  8:54  Engineering Bay  
  91  8:59  Marauder, Marine x2  
  91  9:00  Marine x2  
  97  9:04  Barracks  
  97  9:05  Stimpack, SCV x3, Barracks  
  100  9:17  Marine, SCV x3  
  100  9:21  Marauder  
  106  9:30  SCV x3  
  106  9:35  Marine x3  
  109  9:48  Supply Depot x2  
  109  9:56  Barracks Reactor  
  109  9:57  Barracks Tech Lab  
  109  10:09  Medivac x2, Marine x3, SCV  
  109  10:10  Cyclone, Marine x2  
  122  10:27  Marine  
  123  10:32  Missile Turret  
  123  10:34  Missile Turret x2  
  123  10:35  Missile Turret  
  123  10:41  Medivac  
Tags
 
Add a new tag
Caveats
  • Supply blocks, unpowered buildings, or Contaminate may cause inaccurate times.
  • Supply counts are checked every 10 seconds.